[Event "*** Biggest EVER Titled Tuesday"]
[Site "Chess.com"]
[Date "2018.04.17"]
[Round "4"]
[White "BlackBoarder"]
[Black "ChessicallyInclined"]
[Result "1-0"]
[WhiteElo "2242"]
[BlackElo "2143"]
[TimeControl "180+2"]
[EndTime "13:56:38 PDT"]
[Termination "BlackBoarder won by resignation"]

1. e4 e5 2. Nf3 Nc6 3. d4 exd4 4. Bc4 Nf6 5. O-O Nxe4 6. Re1 d5 7. Bxd5 Qxd5 8. Nc3 Qd7 9. Nxe4 Be7 10. Bg5 O-O 11. Bxe7 Qxe7 12. Nxd4 Bd7 13. Nf3 Rad8 14. Qe2 Rfe8 15.
Qc4 Be6 16. Qc3 Qb4 17. a3 Qxc3 18. Nxc3 h6 19. Rad1 Bf5 20. Rxe8+ Rxe8 21. Rd2 g5 22.
h3 Kg7 23. Kh2 f6 24. Nd5 Rc8 25. Ne3 Be6 26. Nd4 Nxd4 27. Rxd4 c5 28. Rd6 Kf7 29. g4 Ke7 30. Rd2 h5 31. Kg3 h4+ 32. Kf3 c4 33. c3 Rc5 34. Re2 Re5 35. Rd2 Bd7 36. Rd4 Bc6+ 37. Ke2 b5 38. Kf1 Ke6 39. Nf5 Be4 40.
Rd6+ Kf7 41. Rd7+ Ke8 42. Rxa7 Bd3+ 43. Kg2 Re2 44. Nd6+ Kd8 45. Nf7+ Kc8 46. Nd6+ Kd8 47. Nf7+ Ke8 48. Nd6+ Kf8 49. Rf7+ Kg8 50. Rxf6 Rxb2 51. Nf5 Be4+ 52. Kf1 Rb1+ 53. Ke2 Bd3+ 54. Ke3 Rh1 55.
Rg6+ Kf7 56. Rxg5 Rxh3+ 57. Kf4 Rh1 58. Rg7+ Kf8 59. Rb7 h3 60. Ng3 Rg1 61. Rxb5 h2 62. Rh5 Rg2 63. Kf3 Rg1 64. Rxh2 Rc1 65. Ne2 Bxe2+ 66.
Kxe2 Rxc3 67. Rh8+ Kg7 68. Ra8 Rb3 69. f4 Kf6 70. Ra6+ Ke7 71. Rc6 Rxa3 72. Rxc4 Ra2+ 73.
Ke3 Ra3+ 74. Ke4 Rg3 75. g5 Kf7 76. Kf5 Re3 77. Rc7+ Kf8 78. Kf6 Re8 79. g6 Kg8 80. f5 Ra8 81. Kg5 Rf8 82. f6 Ra8 83. Kh6 Rb8 84. Kg5 Rb5+ 85. Kf4 Rb4+ 86. Ke5 Rb5+ 87. Ke6 Rb6+ 88. Ke7 Rb8 89. Rd7 Kh8 90. Rd8+ Rxd8 91.
Kxd8 Kg8 92. Ke8 Kh8 93. f7 1-0

[Event "*** Biggest EVER Titled Tuesday"]
[Site "Chess.com"]
[Date "2018.04.17"]
[Round "4"]
[White "Vamostodorecto"]
[Black "Bryakin_Mikhail"]
[Result "1/2-1/2"]
[WhiteElo "2374"]
[BlackElo "2612"]
[TimeControl "180+2"]
[EndTime "13:56:44 PDT"]
[Termination "Game drawn by stalemate"]

1. d4 d5 2. c4 c6 3. Nc3 dxc4 4. Nf3 b5 5. a4 b4 6. Na2 b3 7. Nc3 e6 8. e3 Ba6 9. Nd2 c5 10. Nxc4 cxd4 11. exd4 Nc6 12. Nd6+ Bxd6 13. Bxa6 Nge7 14. Qxb3 Nxd4 15. Bb5+ Nxb5 16. Qxb5+ Qd7 17. Qxd7+ Kxd7 18. Be3 Kc6 19. Nb5 Bb4+ 20. Ke2 Nd5 21. Nxa7+ Kd7 22. Nb5 Rhc8 23. b3 Rc2+ 24. Kd3 Rac8 25. Rhd1 Ke7 26. Bd4 f5 27. g3 g5 28. a5 R2c6 29. Na7 Rc3+ 30.
Bxc3 Rxc3+ 31. Ke2 Rc5 32. a6 Nc3+ 33. Kd2 Nxd1+ 34. Kxd1 Kd7 35. Ra4 Rd5+ 36. Ke2 Bd6 37. b4 Bb8 38. Nc8 Kxc8 39. a7 Bxa7 40. Rxa7 Rb5 41.
Rxh7 Rxb4 42. Re7 Re4+ 43. Kf3 Kd8 44. Rg7 g4+ 45. Kg2 Rd4 46. h4 gxh3+ 47. Kxh3 Ke8 48. Kg2 Kf8 49. Ra7 Rd3 50. Kf1 Rd2 51. Kg2 Rd3 52.
Kf1 Rb3 53. Kg2 Rb5 54. Kf3 Rb4 55. Ke3 Ke8 56. Kf3 Kd8 57. Ke3 Ke8 58. Kf3 Re4 59. Rb7 Kd8 60. Ra7 Re1 61. Kf4 Re2 62. f3 Ke8 63. g4 fxg4 64. fxg4 Kf8 65. g5 Kg8 66.
Kg4 Rf2 67. Kh5 Kf8 68. Kg6 Rf1 69. Rb7 Rf2 70. Ra7 Rf1 71. Rb7 Rf3 72. Ra7 Rf1 73.
Rb7 Rf2 74. Ra7 Rf4 75. Rb7 Rf5 76. Ra7 Rf1 77. Rb7 e5 78. Rb5 e4 79. Re5 Rf4 80.
Re6 Rh4 81. Kf5 Kg7 82. Re7+ Kf8 83. Rxe4 Rxe4 84. Kxe4 Kf7 85. Kf5 Kg7 86. g6 Kg8 87.
Kg5 Kg7 88. Kh5 Kg8 89. Kh6 Kh8 90. Kg5 Kg7 91. Kf5 Kg8 92. Kf6 Kf8 93. g7+ Kg8 94. Kg6 1/2-1/2

[Event "*** Biggest EVER Titled Tuesday"]
[Site "Chess.com"]
[Date "2018.04.17"]
[Round "4"]
[White "Abund"]
[Black "ajkom197"]
[Result "0-1"]
[WhiteElo "2458"]
[BlackElo "2397"]
[TimeControl "180+2"]
[EndTime "13:56:45 PDT"]
[Termination "ajkom197 won by resignation"]

1. Nf3 d5 2. d4 Nf6 3. c4 e6 4. Nc3 c5 5. cxd5 exd5 6. g3 Nc6 7. Bg2 Be6 8. O-O c4 9. Re1 Bb4 10. Ng5 Bf5 11. e4 Bxc3 12. bxc3 dxe4 13. Ba3 Qd5 14. Nxe4 Nxe4 15. f3 Qa5 16. Qc1 O-O-O 17. fxe4 Bg4 18. e5 Be6 19. Bxc6 bxc6 20. Rb1 Rd7 21. Qb2 Qb5 22.
Qc2 Qa6 23. Bd6 Rb7 24. Rxb7 Kxb7 25. Rb1+ Ka8 26. Qb2 Qb6 27. Qxb6 axb6 28. Rxb6 Bd5 29. a4 Rd8 30. a5 Rd7 31. Kf2 Rb7 32. Ra6+ Ra7 33. Rb6 Rb7 34. Bf8 Rxb6 35. axb6 g6 36. Ke3 h5 37. Kf4 Kb7 38. Bc5 Be6 39. Kg5 Bd5 40.
Kf6 Be6 41. Kg5 Bd5 42. Kh6 Be6 43. Kg7 Bd5 44. Kf8 Be6 45. Ke7 Bd5 46. Kd6 Be6 47. Ke7 Bd5 48. Kf6 Be6 49. Kg5 Bd5 50. Kf4 Be6 51.
Ke3 Bd5 52. Ke2 Be6 53. Kf2 Bd5 54. Ke3 Be6 55. Kf4 Bd5 56. Kg5 Be6 57. Kh6 Bd5 58. Kg7 Be6 59. Kf6 Bd5 60. Kg5 Be6 61. Kh4 Bd5 62. g4 hxg4 63. Kxg4 Be6+ 64. Kg5 Bd5 65. Kf6 Be6 66. Ke7 Bd5 67. Kf8 Be6 68. Kg7 Bd5 69.
Kf6 Be6 70. Ke7 Bd5 71. Kd7 Be6+ 72. Kd6 Bd5 73. Ke7 Be6 74. Kf8 Bd5 75. Kg7 Be6 76.
Kh6 Bd5 77. Kg5 Be6 78. Kf4 Bd5 79. Ke3 Be6 80. Kf2 Bd5 81. Ke2 Be6 82. Kd2 Bd5 83. Kc2 Be6 84. Kc1 Bd5 85. Kd2 Be6 86. Ke3 Bd5 87. Kf4 Be6 88. Kg5 Bd5 89. Kf6 Be6 90. Kg7 Bd5 91. Kh6 Be6 92. h4 Bd5 93. Kg5 Be6 94.
Kf4 Bd5 95. Ke3 Be6 96. Kf2 Bd5 97. Kg3 Be6 98. Kf2 Bd5 99. Ke2 Be6 100. Kd2 Bd5 101. Kc2 Be6 102. Kc1 Bd5 103. Kd2 Be6 104. Ke3 Bd5 105. h5 gxh5 106. Kf4 Be6 107. Kg5 Bg4 108. Kf4 Be6 109. Kg3 Kc8 110. Be7 Kb7 111. Bd8 Bd5 112. Kh4 Bf3 113.
Kg5 Bg4 114. Kh4 Kc8 115. Bc7 Kb7 116. Kg5 Kc8 117. Bd8 Kxd8 118. b7 Kc7 119. e6 Bxe6 0-1

[Event "*** Biggest EVER Titled Tuesday"]
[Site "Chess.com"]
[Date "2018.04.17"]
[Round "4"]
[White "LordIron"]
[Black "JosephRyan"]
[Result "1/2-1/2"]
[WhiteElo "2124"]
[BlackElo "2086"]
[TimeControl "180+2"]
[EndTime "13:56:48 PDT"]
[Termination "Game drawn by repetition"]

1. d4 e6 2. Nf3 Nf6 3. e3 b6 4. Bd3 Bb7 5. O-O g6 6. Nbd2 Bg7 7. c4 O-O 8. b4 a5 9. Ba3 axb4 10. Bxb4 d6 11. Qb3 Nc6 12. Ba3 Re8 13. c5 Na5 14.
Qc2 dxc5 15. dxc5 Ng4 16. Rab1 Nc6 17. Be4 Rxa3 18. cxb6 Rc3 19. bxc7 Qxc7 20. Qa4 Ra8 21. Rxb7 Qxb7 22. Bxc6 Qxc6 23. Qxg4 Rxa2 24. Qf4 h6 25. Ne4 Rcc2 26. Nf6+ Bxf6 27. Qxf6 Rc1 28. g3 Rxf1+ 29. Kxf1 Qc4+ 30. Kg2 Rc2 31. Ne5 Qe4+ 32. Kf1 Rc1+ 33. Ke2 Qc2+ 34. Kf3 Qf5+ 35. Qxf5 gxf5 36. h4 Kg7 37.
Nd3 Ra1 38. Nf4 Kf6 39. Nh5+ Ke5 40. Nf4 f6 41. Nd3+ Kd5 42. Nf4+ Kd6 43. Nh5 Ke7 44. Nf4 e5 45. Nh5 Ra2 46. Ng7 e4+ 47. Kg2 f4 48. gxf4 Kd6 49. Nf5+ Ke6 50. Nxh6 f5 51.
Kg3 Ra7 52. f3 Rh7 53. Ng4 fxg4 54. fxg4 Ra7 55. h5 Ra3 56. Kf2 Ra2+ 57. Kg3 Kf6 58. Kh4 Re2 59. g5+ Kf5 60. g6 Rh2+ 61. Kg3 Rxh5 62. g7 Rh1 63. Kg2 Re1 64. g8=Q Rxe3 65. Qf7+ Kg4 66. f5 Rg3+ 67. Kh1 Rh3+ 68. Kg2 Rg3+ 69.
Kf2 Rf3+ 70. Ke2 Rxf5 71. Qg6+ Kf4 72. Qh6+ Ke5 73. Ke3 Rf3+ 74. Ke2 Rf5 75. Qh2+ Kd4 76. Qg1+ Ke5 77. Qg3+ Kd4 78. Qg7+ Kd5 79. Qe7 Rf3 80.
Qe8 Rd3 81. Qe7 Rf3 82. Qd7+ Ke5 83. Qc6 Rd3 84. Qc5+ Kf4 85. Qf2+ Ke5 86. Qf7 Rf3 87. Qg7+ Kd5 88. Qe7 Rd3 89. Qf6 Rf3 90. Qd8+ Ke5 91. Qc7+ Kf5 92. Qc1 Rd3 93. Qc5+ Kf4 94. Qc7+ Kf5 95.
Qf7+ Ke5 96. Qe7+ Kf5 97. Qf7+ Ke5 98. Qe7+ Kf5 99. Qf7+ Ke5 100. Qe7+ Kf5 101. Qf7+ Ke5 102. Qe7+ Kd5 103. Qd7+ Ke5 104. Qe7+ 1/2-1/2

[Event "*** Biggest EVER Titled Tuesday"]
[Site "Chess.com"]
[Date "2018.04.17"]
[Round "4"]
[White "Arash_Tahbaz"]
[Black "DanielNaroditsky"]
[Result "1-0"]
[WhiteElo "2556"]
[BlackElo "2814"]
[TimeControl "180+2"]
[EndTime "13:57:22 PDT"]
[Termination "Arash_Tahbaz won by resignation"]

1. Nf3 d5 2. g3 g6 3. Bg2 Bg7 4. d4 Nd7 5. O-O Ngf6 6. c4 dxc4 7. Na3 Nb6 8. Ne5 Ng4 9. Nxg4 Bxg4 10. Bxb7 O-O 11.
Bxa8 Qxa8 12. f3 Bh3 13. Re1 Rd8 14. Qc2 Bxd4+ 15. Kh1 Bf5 16. e4 Be6 17. Nb5 c5 18.
Bg5 Rd7 19. Rad1 Qc6 20. Nc3 f5 21. Qe2 Bf7 22. Kg2 e5 23. Bh6 Qf6 24. Bc1 f4 25.
gxf4 exf4 26. e5 Qg5+ 27. Kh1 Re7 28. Qg2 Qf5 29. Re4 Rxe5 30. Rxf4 Qe6 31. Ne4 Nd5 32. Rh4 Be8 33. Rf1 Qe7 34. Bg5 Qf7 35. Qh3 Bd7 36.
Qg3 Bc6 37. Nf6+ Nxf6 38. Rxd4 Re8 39. Rf4 Nh5 40. Rxf7 Nxg3+ 41. hxg3 Kxf7 42. Kg2 a5 43. Rf2 Re1 44. a3 a4 45. Bd2 Rd1 46. Bc3 Rd3 47. g4 h5 48. Kg3 Bd5 49. Kh4 Rd1 50. gxh5 Rh1+ 51. Kg3 gxh5 52. Rh2 Rg1+ 53. Kf2 Rg5 54.
f4 Rf5 55. Be5 Kg6 56. Rh3 Rf7 57. Rg3+ Kh6 58. Rg5 h4 59. Rg4 Kh5 60. Rg5+ Kh6 61. Rg4 Rb7 62. Rxh4+ Kg6 63. Ke3 Rb3+ 64. Bc3 Rb8 65.
Rg4+ Kf7 66. f5 Re8+ 67. Kf2 Ke7 68. Rg6 Rf8 69. f6+ Ke6 70. Ke3 Kf5 71. Rg7 Re8+ 72. Kf2 Rh8 73. Kg3 Rf8 74. Rc7 Rg8+ 75. Kf2 Rg2+ 76. Kf1 Rg8 77. Rxc5 Ke4 78. Kf2 Rf8 79. Rc7 Kf5 80. Re7 Be6 81. Rg7 Bf7 82. Rg3 Rh8 83. Rg7 Be6 84. Ke3 Rd8 85. Ra7 Bd7 86. Ra5+ Ke6 87.
Re5+ Kd6 88. Re4 Rc8 89. Bb4+ Kd5 90. f7 c3 91. bxc3 Bf5 92. Rd4+ Kc6 93. f8=Q 1-0

[Event "*** Biggest EVER Titled Tuesday"]
[Site "Chess.com"]
[Date "2018.04.17"]
[Round "4"]
[White "Vugar_Manafov"]
[Black "Denis0027"]
[Result "1-0"]
[WhiteElo "2311"]
[BlackElo "2323"]
[TimeControl "180+2"]
[EndTime "13:57:28 PDT"]
[Termination "Vugar_Manafov won by resignation"]

1. Nf3 d6 2. g3 e5 3. Bg2 f5 4.
O-O Nf6 5. d3 Be7 6. c4 O-O 7.
Nc3 Nc6 8. a3 Kh8 9. b4 Qe8 10.
b5 Nd8 11. Bg5 Ne6 12. Bxf6 Bxf6 13. Nd5 Bd8 14. Nd2 Bd7 15. Nb4 c6 16. a4 Rf6 17.
a5 c5 18. Nd5 Rh6 19. a6 b6 20.
Ne3 Qh5 21. h3 Rb8 22. Nf3 Nd4 23. Nxd4 exd4 24. Nd5 g5 25. e3 dxe3 26. Nxe3 Bf6 27. Qxh5 Rxh5 28. Rad1 f4 29. Nd5 Be5 30. g4 Rh6 31. Rfe1 Re6 32. Be4 Ree8 33. Kg2 Be6 34. Kf3 Kg7 35. h4 gxh4 36. Rh1 Bxd5 37. Bxd5 Bf6 38.
g5 Bxg5 39. Rdg1 h6 40. Rxh4 Kf6 41. Rh5 Re5 42. Be4 Rbe8 43. Rgxg5 Rxg5 44. Rxh6+ Kf7 45. Rxd6 Re7 46. Rh6 Rg7 47. Bd5+ Ke8 48. Bc6+ Kd8 49. Rh8+ Kc7 50. Ra8 Kd6 51. Rd8+ Ke5 52. Rd5+ Kf6 53. Rd6+ Re6 54. Rd8 Rh7 55. Rf8+ Ke5 56. Bd5 Rf6 57.
Re8+ Kd4 58. Re4+ Kxd3 59. Rxf4 Rxf4+ 60. Kxf4 Kd4 61. f3 Rh1 62. Kg5 Rg1+ 63. Kf5 Ke3 64.
Ke6 Kf4 65. Kd7 Rg7+ 66. Kc8 Ke5 67. Bb7 Kd4 68. Bd5 Rg5 69. Kb8 Rg7 70. f4 Re7 71. f5 Ke5 72. Bb7 Kd4 73. Kxa7 Kxc4 74. Kxb6 Kb4 75.
a7 Re8 76. a8=Q Rxa8 77. Bxa8 c4 78. f6 c3 79. f7 c2 80. f8=Q+ Ka4 81. Qf1 Kb3 82.
Qc1 Kc3 83. Be4 Kb4 84. Qxc2 Ka3 85. Qb1 Ka4 86. Bc2+ 1-0

[Event "*** Biggest EVER Titled Tuesday"]
[Site "Chess.com"]
[Date "2018.04.17"]
[Round "4"]
[White "talento10"]
[Black "djamir"]
[Result "0-1"]
[WhiteElo "2351"]
[BlackElo "2631"]
[TimeControl "180+2"]
[EndTime "13:57:51 PDT"]
[Termination "djamir won by resignation"]

1. e4 Nf6 2. e5 Nd5 3. Nf3 d6 4. Bc4 Nb6 5. Bb3 e6 6. O-O dxe5 7. Nxe5 N8d7 8. f4 Bd6 9. d4 O-O 10. c3 c5 11. Rf3 Re8 12. Bc2 Nf8 13. Nd2 cxd4 14.
cxd4 Be7 15. Ne4 Nd5 16. Rg3 f5 17. Ng5 Bf6 18. Ngf7 Bxe5 19. Nxd8 Bf6 20. Qh5 Rxd8 21. Bd2 Bxd4+ 22. Kh1 Bxb2 23. Rb1 Bf6 24. Bb3 b6 25. Bc1 Nc3 26. Rb2 Ne4 27. Rh3 Nf2+ 28. Rxf2 a5 29. Ba3 g6 30. Qh6 Ra7 31. Bxf8 Rxf8 32. Re3 Bd4 33.
Ree2 Bxf2 34. Rxf2 a4 35. Bc4 Rd8 36. h3 Rc7 37.
Bb5 Rc5 38. Bxa4 Bb7 39. Bb3 Bd5 40. Bxd5 exd5 41. Qg5 Rd7 42. Rd2 Rc8 43. Qf6 Rcd8 44. Kh2 Rd6 45. Qe5 Kf7 46. Rd4 R6d7 47. a4 Re8 48.
Rxd5 Rxe5 49. Rxd7+ Re7 50. Rd6 Ra7 51. Rxb6 Rxa4 52. Kg3 Kg7 53. Rb7+ Kh6 54. Rb2 Kh5 55. Rf2 Ra3+ 56. Kh2 Kh4 57. Rf1 Ra2 58. Rf3 Rd2 59.
Rf1 Re2 60. Rf3 Kh5 61. Rf1 Rc2 62. Rf3 Kh6 63. Rf1 Kg7 64. Rf3 Kf6 65. Rf1 Ke6 66. Rf3 Kd5 67. Re3 Rc7 68. Kg3 Kd4 69. Re8 Rc3+ 70. Kf2 Rc2+ 71. Kg3 Rc3+ 72. Kf2 Ra3 73. Rd8+ Ke4 74. Re8+ Kxf4 75. Re7 Ra2+ 76. Kg1 h5 77. Rb7 g5 78. Rb4+ Kg3 79. Rb3+ Kh4 80. Rb5 f4 81. Rb4 Kg3 82. Rb3+ Kh4 83. Rb4 Ra3 84. Kf2 Ra2+ 85.
Kg1 Rc2 86. Rd4 Re2 87. Ra4 Kg3 88. Ra3+ Re3 89. Ra1 g4 90. hxg4 hxg4 91. Kf1 Kh2 92. Ra8 Kg3 93. Rg8 Rb3 94. Ra8 Rb1+ 95. Ke2 0-1

[Event "*** Biggest EVER Titled Tuesday"]
[Site "Chess.com"]
[Date "2018.04.17"]
[Round "4"]
[White "Renegade_Hitman"]
[Black "r31415"]
[Result "0-1"]
[WhiteElo "2074"]
[BlackElo "2231"]
[TimeControl "180+2"]
[EndTime "13:58:34 PDT"]
[Termination "r31415 won by resignation"]

1. c4 d6 2. Nc3 g6 3. e4 c5 4. d4 cxd4 5. Qxd4 Nf6 6. Nf3 Nc6 7. Qd2 Bg7 8. Bd3 O-O 9. O-O a6 10.
b3 Bg4 11. Ne1 Qa5 12. Bb2 Rfc8 13. f3 Bd7 14. Rd1 Qh5 15. Nd5 Nxd5 16. exd5 Ne5 17.
Be2 Qh4 18. Nd3 b5 19. Nxe5 dxe5 20. f4 bxc4 21. Bxc4 e4 22. Bxg7 Kxg7 23. Qd4+ Kg8 24. Qxe4 a5 25. d6 e6 26. g3 Qh3 27. Qg2 Qh5 28.
Be2 Qf5 29. Bf3 Ra7 30. Be4 Qh5 31. Qf2 Qc5 32. Qxc5 Rxc5 33. Rc1 Rxc1 34. Rxc1 Ra6 35. Rd1 f5 36. Bf3 Kf7 37. Kf2 Ke8 38. Ke3 Rb6 39.
Rd3 Rb5 40. a4 Rb4 41. Rc3 Kd8 42. Bd1 Re4+ 43. Kd3 Rb4 44. Rc4 Rb6 45. Rd4 Bc6 46.
Kc4 Kd7 47. Kc5 Rb8 48. b4 axb4 49. Rxb4 Rxb4 50. Kxb4 Kxd6 51. Be2 e5 52. fxe5+ Kxe5 53. Bb5 Bf3 54. Kc5 g5 55. Bc6 Be2 56. a5 f4 57. gxf4+ gxf4 58. h3 f3 59. a6 f2 60.
a7 f1=Q 61. a8=Q Qg1+ 62. Kb4 Qb6+ 63. Kc3 Qd4+ 64. Kb3 Qc4+ 65. Ka3 Qc3+ 66. Ka4 Qa1+ 67. Kb4 Qb2+ 68. Kc5 Qc3+ 69. Kb6 Qb4+ 70. Kc7 Qd6+ 71.
Kb7 Qe7+ 72. Kb8 Qf8+ 73. Ka7 Qc5+ 74. Kb8 Qb6+ 75. Qb7 Qd8+ 76. Ka7 Qa5+ 77. Kb8 Qd8+ 78. Ka7 Qd4+ 79. Qb6 Qa1+ 80. Kb7 Qd4 81. Qc7+ Qd6 82. Qa5+ Kf6 83. Qc3+ Qe5 84. Qxe5+ Kxe5 85. Kc7 Kf4 86.
Bd7 Bd3 87. h4 Bf5 88. Bc6 Kg4 89. Kd6 Kxh4 90. Ke5 Kg5 91. Be8 Bg6 92. Bd7 h5 93. Kd4 Kf4 94. Kc3 Ke3 95. Bh3 h4 96. Kc4 Be4 97.
Kc5 Kf2 98. Kd4 Bg2 99. Bg4 Kg3 100. Be6 Bh3 101. Bd5 Bg4 102. Ke3 h3 103. Bh1 Kh2 104. Be4 Kg3 105. Bh1 h2 106. Kd2 Kf2 107. Kd3 Kg1 108. Be4 Bh3 109. Ke3 Bg2 110. Bd3 h1=Q 0-1

[Event "*** Biggest EVER Titled Tuesday"]
[Site "Chess.com"]
[Date "2018.04.17"]
[Round "4"]
[White "DishonorOnYourCow"]
[Black "ahmadzada13"]
[Result "1/2-1/2"]
[WhiteElo "2317"]
[BlackElo "2562"]
[TimeControl "180+2"]
[EndTime "13:59:22 PDT"]
[Termination "Game drawn by agreement"]

1. d4 Nf6 2. c4 c5 3. d5 e6 4. Nc3 exd5 5. cxd5 Bd6 6. Nf3 O-O 7. e4 Re8 8. Bd3 Bc7 9. O-O d6 10. a4 a6 11. h3 Nbd7 12. Bf4 Rb8 13. Nd2 Ne5 14.
Bxe5 Rxe5 15. f4 Re8 16. Qf3 h5 17. Rae1 Bd7 18. e5 dxe5 19. Nde4 Nxe4 20. Nxe4 Bf5 21. fxe5 Rxe5 22. d6 Bb6 23. Kh1 Bg6 24. Ng3 Rxe1 25. Rxe1 Qxd6 26. Bxg6 Qxg6 27. Nxh5 Bc7 28. Nf4 Qd6 29.
g3 Rd8 30. Nh5 Qc6 31. Qxc6 bxc6 32. Re7 Bd6 33. Ra7 Rb8 34. Rxa6 Rxb2 35. Rxc6 Be7 36.
a5 Ra2 37. a6 c4 38. Rxc4 Rxa6 39. Nf4 Bd6 40. Re4 Ra1+ 41. Kg2 Ra2+ 42. Re2 Ra3 43. Re4 g6 44. Ne2 Kg7 45. Rd4 Be5 46. Re4 Bf6 47.
h4 Ra2 48. Kf3 Ra3+ 49. Re3 Ra1 50. Nf4 Bd4 51. Rd3 Be5 52. Rd7 Ra3+ 53. Rd3 Ra4 54. Ne2 Kf6 55. Rb3 Ra1 56. Kg2 Ke6 57. Re3 Kd6 58. Rf3 Ra2 59. Kf1 Ke6 60. Nf4+ Ke7 61.
Nd3 Bd4 62. Rf4 Ra1+ 63. Kg2 Bg7 64. Nf2 Ra2 65. Rf3 Bd4 66. Rf4 Ba7 67. Kf1 f5 68. Rf3 Kf6 69. Nh3 Ke5 70. Ng5 Ra1+ 71. Kg2 Rg1+ 72. Kh3 Re1 73. Kg2 Re2+ 74. Kf1 Ra2 75. Rb3 Rf2+ 76. Ke1 Ra2 77. Kf1 Rf2+ 78. Ke1 Rc2 79.
Ra3 Bf2+ 80. Kf1 Bc5 81. Rb3 Kd5 82. Rf3 Rc1+ 83. Kg2 Be7 84. Rd3+ Kc6 85. Nf3 Rc2+ 86. Rd2 Rxd2+ 87. Nxd2 Kd5 88. Nf3 Ke4 89. Nd2+ Kd3 90. Nf3 Bd6 91. Ng5 Ke3 92. Nf3 Bc7 93. Ng5 Bd6 94. Nf3 Be7 95. Ne1 Bf6 96. Nf3 Ke2 97. Ng1+ Kd3 98. Nf3 Ke4 99. Nd2+ Kd5 100. Nf3 Kc4 101. Kf2 Kd3 102. Kg2 Ke2 103. Ng1+ Ke3 104. Nf3 Bg7 105. Ng5 Bf6 106. Nf3 Ke4 107. Nd2+ Kd5 108. Nf3 Bc3 109. Ng1 Ke4 110. Ne2 Be5 111. Ng1 Bd4 112. Nf3 Bf6 113.
Nd2+ Ke3 114. Nf1+ Ke2 115. Nh2 Bd8 116. Nf3 Bc7 117.
Nd4+ Ke3 118. Ne6 Bd6 119. Ng5 Bc5 120. Nf3 Bd6 121. Ng5 Be7 122. Nf3 Ke4 123. Nd2+ Ke5 124. Kf3 Bd8 125. Nc4+ Kd4 126. Ne3 Bc7 127. Ng2 Kd5 128. Nf4+ Bxf4 129. Kxf4 Ke6 130. Kg5 Kf7 131. h5 gxh5 132. Kxf5 h4 133. gxh4 Kg7 134. Kg5 1/2-1/2

[Event "*** Biggest EVER Titled Tuesday"]
[Site "Chess.com"]
[Date "2018.04.17"]
[Round "4"]
[White "Arystanner23"]
[Black "bascheyaro"]
[Result "0-1"]
[WhiteElo "2492"]
[BlackElo "2684"]
[TimeControl "180+2"]
[EndTime "14:00:11 PDT"]
[Termination "bascheyaro won by resignation"]

1. e4 e6 2. d4 d5 3. Nd2 c5 4.
exd5 exd5 5. Ngf3 Nc6 6. Bb5 c4 7. O-O Bd6 8. b3 cxb3 9. axb3 Ne7 10. c4 O-O 11. Ba3 a6 12. Bxd6 Qxd6 13. Bxc6 Nxc6 14.
Qc2 Bg4 15. h3 Bh5 16. Qc3 Rad8 17. Rfe1 Bxf3 18. Nxf3 dxc4 19. bxc4 Nxd4 20. Nxd4 Qxd4 21.
Qxd4 Rxd4 22. Re7 Rb8 23. Rb1 g6 24. c5 Rc4 25. Rc7 a5 26. c6 b5 27. Rb7 Ra8 28.
c7 Rc8 29. R1xb5 a4 30. Rb4 R8xc7 31. Rxc7 Rxb4 32. g4 a3 33. Ra7 Rb3 34. Kg2 Kg7 35. g5 Rc3 36. f3 Rc2+ 37. Kg3 a2 38. Kf4 Rh2 39. Kg3 Rb2 40. Ra8 h6 41. h4 h5 42.
Kf4 Rc2 43. Kg3 f5 44. Ra7+ Kf8 45. Kf4 Rg2 46. Ke5 Rb2 47. Kf6 Rb6+ 48. Ke5 Rb7 49. Rxa2 Kf7 50. Ra5 Rc7 51. Kd6 Re7 52. Re5 Ra7 53.
Rc5 Ra6+ 54. Rc6 Ra7 55. Rc5 Rb7 56. Rc6 Re7 57. Rc5 Re6+ 58. Kd5 Re3 59. Rc7+ Kf8 60. f4 Re4 61. Rc6 Kf7 62. Rc7+ Kf8 63. Rc6 Rxf4 64.
Rxg6 Rxh4 65. Rf6+ Kg7 66. Rxf5 Kg6 67. Re5 Rf4 68.
Re8 Kxg5 69. Rg8+ Kh4 70. Ke5 Rf1 71. Ke4 Kh3 72. Ke3 h4 73. Ke2 Rf4 74. Rg7 Kh2 75.
Ke3 Rf5 76. Ke2 h3 77. Rg8 Kh1 78. Rg7 Rf4 79. Rg8 Kh2 80. Rg7 Rf6 81. Rg8 Rf7 82. Rg6 Ra7 83. Kf2 Ra2+ 84. Kf1 Rg2 85. Rh6 Rg5 86.
Kf2 Rf5+ 87. Ke2 Ra5 88. Rg6 Ra2+ 89. Kf3 Kh1 90. Rg8 Rb2 91. Rg7 Kh2 92. Rg8 Rg2 93. Ra8 Rg7 94. Ra2+ Kh1 95. Ra1+ Rg1 96. Ra8 Rf1+ 97.
Ke2 Rf4 98. Rg8 Rf5 99. Ke3 Rf1 100. Ke2 Rg1 101. Ra8 Kg2 102. Rg8+ Kh2 103. Ra8 Rg4 104. Kf3 Rg3+ 105. Kf2 Rg5 106. Rf8 Rg2+ 107. Kf3 Kg1 108. Ra8 Rb2 109. Ra1+ Kh2 110. Ra8 Rb1 111. Rg8 Rf1+ 112. Ke2 Rg1 113. Ra8 Rg5 114. Kf2 Rf5+ 115. Ke3 Kg2 116. Rg8+ Kf1 117. Rh8 Ra5 118. Kf4 Kg2 119. Rg8+ Kf2 120. Rh8 Ra4+ 121. Kg5 Kg2 122. Kf5 h2 123. Rg8+ Kf1 124. Rh8 Ra2 125. Kf4 Kg1 126. Rg8+ Rg2 127. Ra8 h1=Q 128. Ra1+ Kh2 0-1

[Event "*** Biggest EVER Titled Tuesday"]
[Site "Chess.com"]
[Date "2018.04.17"]
[Round "5"]
[White "SilverCat1992"]
[Black "guillembaches"]
[Result "0-1"]
[WhiteElo "2060"]
[BlackElo "2242"]
[TimeControl "180+2"]
[EndTime "14:02:13 PDT"]
[Termination "guillembaches won by resignation"]

1. e4 c5 2. Nf3 d6 3. d4 cxd4 4. Nxd4 Nf6 5. Nc3 Nc6 6. Bg5 e6 7. Qd2 h6 8. Bh4 Nxe4 9. Nxe4 Qxh4 10. Nxd6+ Bxd6 11. Nxc6 Qe4+ 0-1

[Event "*** Biggest EVER Titled Tuesday"]
[Site "Chess.com"]
[Date "2018.04.17"]
[Round "5"]
[White "Rokis13"]
[Black "kikydu96"]
[Result "1-0"]
[WhiteElo "2423"]
[BlackElo "2344"]
[TimeControl "180+2"]
[EndTime "14:03:21 PDT"]
[Termination "Rokis13 won by resignation"]

1. e4 e5 2. Nf3 Nc6 3. d4 exd4 4. Bc4 Nf6 5. e5 d5 6. Bb5 Ne4 7. Nxd4 Bd7 8. Bxc6 bxc6 9. O-O Bc5 10. f3 Ng5 11. Be3 O-O 12. Qd2 Ne6 13. Nxe6 Bxe3+ 14.
Qxe3 fxe6 15. Nd2 Be8 16. Nb3 Bg6 17. c3 a5 18. Nc5 Qe7 19. a3 a4 20. Qd4 Qg5 21. f4 Qg4 22. h3 Qf5 23. g4 Qc2 24. Rf2 1-0

[Event "*** Biggest EVER Titled Tuesday"]
[Site "Chess.com"]
[Date "2018.04.17"]
[Round "5"]
[White "BillForster"]
[Black "ahmadzada13"]
[Result "0-1"]
[WhiteElo "1614"]
[BlackElo "2562"]
[TimeControl "180+2"]
[EndTime "14:03:33 PDT"]
[Termination "ahmadzada13 won by resignation"]

1. d4 Nf6 2. c4 c5 3. d5 e6 4. Nc3 exd5 5. cxd5 d6 6. e4 g6 7. h3 Bg7 8. Nf3 O-O 9. Bd3 a6 10.
a4 Nbd7 11. O-O Nh5 12. Re1 Ne5 13. Bg5 Nxf3+ 14. Qxf3 Qxg5 0-1

[Event "*** Biggest EVER Titled Tuesday"]
[Site "Chess.com"]
[Date "2018.04.17"]
[Round "5"]
[White "Rish_97"]
[Black "bugsbunny444"]
[Result "0-1"]
[WhiteElo "2283"]
[BlackElo "2415"]
[TimeControl "180+2"]
[EndTime "14:03:37 PDT"]
[Termination "bugsbunny444 won by resignation"]

1. c4 b6 2. Nc3 Bb7 3. e4 e6 4. g3 f5 5. d3 Nf6 6. Bg2 fxe4 7. dxe4 Nc6 8. Nge2 Bc5 9. O-O O-O 10. h3 Ne5 11. b3 Qe8 12. Kh2 Nfg4+ 13. Kg1 Nxf2 14.
Qc2 Nxh3+ 15. Kh2 Ng4+ 0-1

[Event "*** Biggest EVER Titled Tuesday"]
[Site "Chess.com"]
[Date "2018.04.17"]
[Round "5"]
[White "sergiochess83"]
[Black "AkshatChandra"]
[Result "1/2-1/2"]
[WhiteElo "2790"]
[BlackElo "2798"]
[TimeControl "180+2"]
[EndTime "14:03:43 PDT"]
[Termination "Game drawn by agreement"]

1. e4 e5 2. Nf3 Nc6 3. Bb5 Nf6 4. O-O Nxe4 5. d4 Nd6 6. Bxc6 dxc6 7. dxe5 Nf5 8. Qxd8+ Kxd8 9. h3 Ke8 10. Nc3 h5 11.
Rd1 Be7 12. Bg5 Be6 13. Rd2 h4 14. Rad1 Rh5 15. Bxe7 Nxe7 16. Re1 Ng6 1/2-1/2

[Event "*** Biggest EVER Titled Tuesday"]
[Site "Chess.com"]
[Date "2018.04.17"]
[Round "5"]
[White "Konavets"]
[Black "jlucasvf"]
[Result "1-0"]
[WhiteElo "2790"]
[BlackElo "2126"]
[TimeControl "180+2"]
[EndTime "14:03:43 PDT"]
[Termination "Konavets won by resignation"]

1. e4 e6 2. d4 d5 3. Bd3 c5 4.
exd5 Qxd5 5. Nf3 cxd4 6. O-O Nf6 7. Nxd4 Bc5 8. Be3 O-O 9. Nc3 Qe5 10. Re1 a6 11. Na4 Nbd7 12. Nxe6 Qxe6 13. Bxc5 Nxc5 14. Rxe6 Nxe6 15. Nb6 Rb8 16. Bf5 Rd8 17. Qe1 Rd6 18. Qe5 Ne8 19. Nc4 f6 20. Qg3 1-0

[Event "*** Biggest EVER Titled Tuesday"]
[Site "Chess.com"]
[Date "2018.04.17"]
[Round "5"]
[White "djogrodek1"]
[Black "Cryptochess"]
[Result "0-1"]
[WhiteElo "2458"]
[BlackElo "2414"]
[TimeControl "180+2"]
[EndTime "14:03:44 PDT"]
[Termination "Cryptochess won by resignation"]

1. e4 d6 2. d4 Nf6 3. Nc3 g6 4.
h3 Bg7 5. Be3 O-O 6. Qd2 c6 7.
a4 e5 8. Nge2 exd4 9. Nxd4 Re8 10. f3 d5 11. exd5 Nxd5 12. Nxd5 Qxd5 13. Be2 Na6 14.
Kf2 Rxe3 15. Kxe3 Qe5+ 0-1

[Event "*** Biggest EVER Titled Tuesday"]
[Site "Chess.com"]
[Date "2018.04.17"]
[Round "5"]
[White "Zaven_ChessMood"]
[Black "ShimanovAlex"]
[Result "1/2-1/2"]
[WhiteElo "2858"]
[BlackElo "2731"]
[TimeControl "180+2"]
[EndTime "14:04:18 PDT"]
[Termination "Game drawn by agreement"]

1. e4 c6 2. d3 d5 3. Nd2 Qc7 4. Ngf3 Bg4 5. h3 Bh5 6. g3 e6 7. Bg2 Nd7 8. O-O dxe4 9. dxe4 Bc5 10. Nb3 Bb6 11. Kh2 Ne7 12. Qe2 e5 13. Nbd2 O-O 14. Nc4 Bc5 15. Ne3 Rfe8 16. Ng4 Nc8 17. Nh4 Kh8 18.
Nf5 Nd6 19. Nxd6 Bxd6 20. Be3 Nf8 21. Rad1 Ne6 22. Bf3 Bg6 23. Kg2 Bc5 24. c3 1/2-1/2